 Dungeon Crawl Stone Soup version 0.26-a0-597-gb535b0901c (webtiles) character file.

Game seed: 8370429891597708202

1904 Apogee the Magician (level 9, 0/65 HPs)
             Began as a Gnoll Venom Mage on Sept 8, 2020.
             Was a Follower of Yredelemnul.
             Slain by a wraith (8 damage)
             ... on level 9 of the Dungeon.
             The game lasted 00:18:08 (8564 turns).

Apogee the Magician (Gnoll Venom Mage)              Turns: 8564, Time: 00:18:09

Health: 0/65       AC: 20    Str: 16    XL:     9   Next: 16%
Magic:  18/18      EV: 15    Int: 22    God:    Yredelemnul [*.....]
Gold:   325        SH:  5    Dex: 15    Spells: 10/20 levels left

rFire    . . .     SeeInvis .   D - +1 flail (protect)
rCold    + . .     Faith    .   K - +0 buckler
rNeg     . . .     Spirit   .   G - +2 leather armour {rC+}
rPois    .         Reflect  .   J - +0 helmet
rElec    .         Harm     .   u - +0 cloak
rCorr    .                      (no gloves)
MR       .....                  c - +0 pair of boots
Stlth    +++.......             (no amulet)
HPRegen  0.20/turn              P - +4 ring of protection
MPRegen  0.16/turn              m - +6 ring of strength

@: protection aura, hasted and slowed
A: distributed training, fangs 1, strong nose
a: Animate Remains, Renounce Religion


You were on level 9 of the Dungeon.
You worshipped Yredelemnul.
Yredelemnul was aware of your devotion.
You visited 1 branch of the dungeon, and saw 9 of its levels.

You collected 325 gold pieces.

Inventory:

Hand Weapons
 a - a +1 dagger of speed
   (You took it off an orc priest on level 3 of the Dungeon)
 D - a +1 flail of protection (weapon)
   (You took it off an orc priest on level 4 of the Dungeon)
Missiles
 f - 6 javelins
 k - 9 silver boomerangs
 o - 176 stones (quivered)
Armour
 c - a +0 pair of boots (worn)
   (You found it on level 1 of the Dungeon)
 h - a +3 ring mail
   (You found it on level 7 of the Dungeon)
 u - a +0 cloak (worn)
   (You found it on level 3 of the Dungeon)
 G - a +2 leather armour of cold resistance (worn)
   (You found it on level 5 of the Dungeon)
 J - a +0 helmet (worn)
   (You found it on level 3 of the Dungeon)
 K - a +0 buckler (worn)
   (You found it on level 6 of the Dungeon)
Jewellery
 b - an uncursed ring of poison resistance
   (You took it off an orc on level 7 of the Dungeon)
 m - a +6 ring of strength (right hand)
   (You found it on level 7 of the Dungeon)
 I - an uncursed ring of fire {unknown}
   (You found it on level 8 of the Dungeon)
 L - an uncursed ring of ice
   (You found it on level 6 of the Dungeon)
 P - a +4 ring of protection (left hand)
   (You found it on level 5 of the Dungeon)
Wands
 n - a wand of polymorph (9)
   (You found it on level 7 of the Dungeon)
 v - a wand of digging (6)
   (You found it on level 5 of the Dungeon)
Scrolls
 e - 4 scrolls of immolation {!r}
 i - 2 scrolls of remove curse {@r2}
 j - 2 scrolls of blinking {unknown}
 l - a scroll of random uselessness {unknown}
 p - a scroll of fear {unknown}
 w - 6 scrolls of teleportation {@r4}
 x - a scroll of identify {@r1}
 y - 2 scrolls of amnesia {unknown}
 z - 2 scrolls of noise {unknown}
 B - a scroll of fog {unknown}
 C - 2 scrolls of magic mapping {unknown}
 E - a scroll of enchant weapon {unknown}
 Q - 2 scrolls of enchant armour {unknown}
Potions
 d - 2 potions of stabbing {unknown}
 g - 4 potions of curing {@q1}
 q - 3 potions of magic
 r - a potion of ambrosia {unknown}
 s - a potion of lignification {unknown}
 t - a potion of flight
 A - a potion of brilliance {unknown}
 F - a potion of heal wounds {unknown}
 H - a potion of cancellation {unknown}
 O - a potion of invisibility
 R - a potion of haste {@q3}


   Skills:
 + Level 4.0 Fighting
 + Level 4.0 Short Blades
 + Level 4.0 Long Blades
 + Level 4.0 Axes
 + Level 4.0 Maces & Flails
 + Level 4.0 Polearms
 + Level 4.0 Staves
 + Level 4.0 Slings
 + Level 4.0 Bows
 + Level 4.0 Crossbows
 + Level 4.0 Throwing
 + Level 4.0 Armour
 + Level 6.1 Dodging
 + Level 5.8 Stealth
 + Level 4.0 Shields
 + Level 4.0 Unarmed Combat
 + Level 6.4 Spellcasting
 + Level 3.2 Conjurations
 + Level 3.2 Hexes
 + Level 3.2 Summonings
 + Level 3.2 Necromancy
 + Level 3.2 Translocations
 + Level 4.0 Transmutations
 + Level 3.2 Fire Magic
 + Level 3.2 Ice Magic
 + Level 3.2 Air Magic
 + Level 3.2 Earth Magic
 + Level 6.4 Poison Magic
 + Level 4.3 Invocations
 + Level 4.0 Evocations


You had 10 spell levels left.
You knew the following spells:

 Your Spells              Type           Power        Failure   Level
a - Sting                 Tmut/Pois      ####         1%          1
b - Ignite Poison         Fire/Tmut/Pois ####....     4%          3
x - Poisonous Vapours     Pois/Air       ####..       2%          2
y - Olgreb's Toxic Radia  Pois           #####...     8%          4

Your spell library contained the following spells:

 Spells                   Type           Power        Failure   Level
 Magic Dart               Conj           ###.         2%          1
 Searing Ray              Conj           ###...       4%          2
 Mephitic Cloud           Conj/Pois/Air  ####....     5%          3
 Dazzling Flash           Conj/Hex       ###...       9%          3
 Fulminant Prism          Conj/Hex       ###.......   26%         4
 Iskenderun's Mystic Bla  Conj/Tloc      ###.....     26%         4


Dungeon Overview and Level Annotations

Branches:
Dungeon (8/15)             Temple (0/1) D:7
   Lair: D:8-11

Altars:
Ashenzari
Cheibriados
Dithmenos
Fedhas
Makhleb
Okawaru
Trog
Wu Jian
Xom
Yredelemnul
Zin

Shops:
D:7 ?


Innate Abilities, Weirdness & Mutations

Your experience applies equally to all skills.
You have very sharp teeth.
Your uncanny sense of smell can sniff out nearby items.


Message History

The wraith drains your vigour!
You feel as though you will be slow longer.
The wraith barely misses you.
You completely miss the wraith. The wraith completely misses you.
The wraith closely misses you.
You barely miss the wraith. The wraith barely misses you.
The wraith hits you but does no damage.
You barely miss the wraith. The wraith barely misses you.
You completely miss the wraith. You bite the wraith, but do no damage.
The wraith barely misses you. The wraith closely misses you.
You barely miss the wraith. The wraith hits you! The wraith barely misses you.
You sock the wraith!
Your weapon exudes an aura of protection.
You block the wraith's attack. The wraith closely misses you.
You closely miss the wraith. The wraith barely misses you.
The wraith misses you.
You closely miss the wraith. Your bite misses the wraith. The wraith hits you!
The wraith drains your vigour!
You feel as though you will be slow longer.
You hit the wraith.
Your weapon exudes an aura of protection.
Your bite misses the wraith. The wraith hits you but does no damage.
The wraith misses you.
You hit the wraith but do no damage. The wraith hits you!
* * * LOW HITPOINT WARNING * * *
The wraith drains your vigour!
You feel as though you will be slow longer.
You block the wraith's attack.
You hit the wraith. The wraith barely misses you.
You block the wraith's attack.
You barely miss the wraith. You block the wraith's attack. The wraith hits you!
* * * LOW HITPOINT WARNING * * *
The wraith drains your vigour!
You feel as though you will be slow longer.
You hit the wraith but do no damage. The wraith misses you.
Unknown command.
Okay, then.
Okay, then.
Unknown command.
You hit the wraith. The wraith barely misses you. The wraith misses you.
Unknown command.
You hit the wraith but do no damage. Your bite misses the wraith.
The wraith hits you!
* * * LOW HITPOINT WARNING * * *
The wraith drains your vigour!
You feel as though you will be slow longer.
The wraith barely misses you.
You feel yourself speed up. The wraith hits you!
You die...
Your body rises from the dead as a mindless zombie.

# ####
####.###..#
.........#
.F....W..#
###..###W#
# #@.#
.........#
.........#
.##..#####
#.. ... ∆
... ...


You could see a wraith.

Vanquished Creatures
  A hippogriff (D:8)
  Sigmund (D:3)
  2 ogres
  A phantom (D:8)
  3 centaurs
  3 bullfrogs
  A water moccasin skeleton (D:4)
  2 bullfrog skeletons
  4 orc wizards
  4 orc priests
  4 hounds
  A centaur skeleton (D:7)
  Jessica (D:3)
  An iguana (D:5)
  4 worker ants
  A killer bee zombie (D:8)
  9 adders
  3 white imps (D:5)
  An ooze (D:2)
  2 worms
  2 dart slugs
  8 leopard geckos
  21 orcs
  12 bats
  9 giant cockroaches
  5 goblins
  4 hobgoblins
  3 jackals (D:5)
  5 quokkas
  A ball python (D:2)
  5 frilled lizards
  2 jackal skeletons
  4 kobolds
  A leopard gecko skeleton (D:4)
  A quokka skeleton (D:5)
  9 rats
  A spectral orc (D:3)
142 creatures vanquished.

Vanquished Creatures (collateral kills)
  A shadow imp (D:5)
  An orc (D:5)
2 creatures vanquished.

Vanquished Creatures (others)
  A centaur zombie (D:5)
1 creature vanquished.

Grand Total: 145 creatures vanquished

Notes
Turn   | Place    | Note
-------+----------+-------------------------------------------
     0 | D:1      | Apogee the Gnoll Venom Mage began the quest for the Orb.
     0 | D:1      | Reached XP level 1. HP: 13/13 MP: 6/6
   228 | D:1      | Reached XP level 2. HP: 19/19 MP: 5/7
   423 | D:1      | Learned a level 2 spell: Poisonous Vapours
  1195 | D:2      | Reached skill level 5 in Spellcasting
  1195 | D:2      | Reached XP level 3. HP: 25/25 MP: 7/9
  1413 | D:2      | Reached skill level 1 in Invocations
  1436 | D:2      | Reached skill level 1 in Fighting
  1436 | D:2      | Reached skill level 1 in Short Blades
  1436 | D:2      | Reached skill level 1 in Long Blades
  1436 | D:2      | Reached skill level 1 in Axes
  1436 | D:2      | Reached skill level 1 in Maces & Flails
  1436 | D:2      | Reached skill level 1 in Polearms
  1436 | D:2      | Reached skill level 1 in Staves
  1436 | D:2      | Reached skill level 1 in Slings
  1436 | D:2      | Reached skill level 1 in Bows
  1436 | D:2      | Reached skill level 1 in Crossbows
  1436 | D:2      | Reached skill level 1 in Throwing
  1436 | D:2      | Reached skill level 1 in Armour
  1436 | D:2      | Reached skill level 1 in Shields
  1436 | D:2      | Reached skill level 1 in Unarmed Combat
  1436 | D:2      | Reached skill level 1 in Evocations
  1658 | D:2      | Reached XP level 4. HP: 29/32 MP: 4/11
  1665 | D:2      | Learned a level 3 spell: Ignite Poison
  2511 | D:3      | Noticed Sigmund
  2599 | D:3      | Reached skill level 1 in Conjurations
  2599 | D:3      | Reached skill level 1 in Hexes
  2599 | D:3      | Reached skill level 1 in Summonings
  2599 | D:3      | Reached skill level 1 in Necromancy
  2599 | D:3      | Reached skill level 1 in Translocations
  2599 | D:3      | Reached skill level 1 in Fire Magic
  2599 | D:3      | Reached skill level 1 in Ice Magic
  2599 | D:3      | Reached skill level 1 in Air Magic
  2599 | D:3      | Reached skill level 1 in Earth Magic
  2622 | D:3      | Learned a level 4 spell: Olgreb's Toxic Radiance
  2715 | D:3      | Killed Sigmund
  2715 | D:3      | Reached XP level 5. HP: 17/38 MP: 0/12
  2715 | D:3      | Reached XP level 6. HP: 20/44 MP: 0/13
  3129 | D:3      | Reached skill level 5 in Dodging
  3315 | D:3      | Noticed Jessica
  3320 | D:3      | Killed Jessica
  3525 | D:3      | Found a basalt altar of Yredelemnul.
  3539 | D:3      | Became a worshipper of Yredelemnul the Dark
  3645 | D:4      | Reached XP level 7. HP: 50/50 MP: 5/15
  4503 | D:4      | Found a glowing silver altar of Zin.
  4687 | D:5      | Entered Level 5 of the Dungeon
  4691 | D:5      | Found an iron altar of Okawaru.
  4776 | D:5      | Found a shattered altar of Ashenzari.
  4831 | D:5      | HP: 2/51 [white imp/puff of frost (11)]
  4943 | D:5      | Reached skill level 5 in Stealth
  5161 | D:5      | Reached * piety under Yredelemnul
  5308 | D:5      | Reached XP level 8. HP: 28/57 MP: 8/16
  5544 | D:5      | You fall into a shaft and drop 1 floor!
  5788 | D:6      | Found a blossoming altar of Fedhas.
  5788 | D:6      | Found a bloodstained altar of Trog.
  6065 | D:5      | Found a shattered altar of Ashenzari.
  7139 | D:7      | Found a shimmering altar of Xom.
  7348 | D:7      | Found a snail-covered altar of Cheibriados.
  7403 | D:7      | Got a jewelled scimitar
  7404 | D:7      | Identified the +2 scimitar of Ickes {holy, Int+2} (You
                  | found it on level 7 of the Dungeon)
  7685 | D:7      | Found an ornate altar of the Wu Jian Council.
  7714 | D:7      | Found a staircase to the Ecumenical Temple.
  7819 | D:7      | Found Vorhiupp's Magic Scroll Shop.
  8102 | D:8      | Found a burning altar of Makhleb.
  8220 | D:8      | Noticed a hippogriff
  8229 | D:8      | Killed a hippogriff
  8229 | D:8      | Reached ** piety under Yredelemnul
  8229 | D:8      | Reached XP level 9. HP: 50/65 MP: 15/18
  8305 | D:8      | Found a shadowy altar of Dithmenos.
  8532 | D:8      | Found a blossoming altar of Fedhas.
  8533 | D:8      | You fall into a shaft and drop 1 floor!
  8564 | D:9      | Slain by a wraith

Illustrated notes

Levels and vault maps discovered:
D:1:      minmay_arrival_open_corners, layout_basic, grunt_decor_cap,
          ebering_dispersal_statue_hall
D:2:      layout_loops_ring, kennysheep_generic_room_15
D:3:      layout_rooms, yredelemnul_forgotten_temple_becter, uniq_sigmund,
          uniq_jessica
D:4:      layout_loops_ring, zin_academy, amethyst_killhole
D:5:      layout_loops_ring, okawaru_gym_becter, lemuel_round_altar,
          basic_altar, kennysheep_opposing_triangles
D:6:      layout_basic, chequers_temple_overflow_statue_of_worship
D:7:      layout_loops_ring, kennysheep_mini, nicolae_overflow_hidden_temple,
          temple_doors_ab, serial_shops, shop, minmay_ruined_shrine
D:8:      layout_basic, grunt_dithmenos_shadows, old_standard_altar,
          serial_shops, shop, nicolae_sextant, fedhas_altar_1
D:9:      layout_gridville, lemuel_crystal_altar

Skill      XL: |  1  2  3  4  5  6  7  8  9 |
---------------+----------------------------+-----
Transmutations | 2 3 4 |  4.0
Spellcasting   | 5 6 |  6.4
Invocations    | 1 2 3 4 |  4.3
Fighting       | 1 2 3 4 |  4.0
Short Blades   | 1 2 3 4 |  4.0
Long Blades    | 1 2 3 4 |  4.0
Axes           | 1 2 3 4 |  4.0
Maces & Flails | 1 2 3 4 |  4.0
Polearms       | 1 2 3 4 |  4.0
Staves         | 1 2 3 4 |  4.0
Slings         | 1 2 3 4 |  4.0
Bows           | 1 2 3 4 |  4.0
Crossbows      | 1 2 3 4 |  4.0
Throwing       | 1 2 3 4 |  4.0
Armour         | 1 2 3 4 |  4.0
Shields        | 1 2 3 4 |  4.0
Unarmed Combat | 1 2 3 4 |  4.0
Evocations     | 1 2 3 4 |  4.0
Conjurations   | 1 2 3 |  3.2
Hexes          | 1 2 3 |  3.2
Summonings     | 1 2 3 |  3.2
Necromancy     | 1 2 3 |  3.2
Translocations | 1 2 3 |  3.2
Fire Magic     | 1 2 3 |  3.2
Ice Magic      | 1 2 3 |  3.2
Air Magic      | 1 2 3 |  3.2
Earth Magic    | 1 2 3 |  3.2
Dodging        | 5 6 |  6.1
Stealth        | 5 |  5.8
Poison Magic   | 6 |  6.4

Action                   |  1- 3 |  4- 6 |  7- 9 || total
-------------------------+-------+-------+-------++-------
Melee: Dagger            |    30 |    65 |   367 ||   462
       Bite              |     5 |     5 |    48 ||    58
       Unarmed           |     1 |       |       ||     1
       Punch             |       |       |     3 ||     3
       Flail             |       |       |    25 ||    25
Throw: Boomerang         |       |     2 |       ||     2
       Stone             |       |       |     4 ||     4
 Cast: Sting             |    35 |    32 |    17 ||    84
       Poisonous Vapours |       |    19 |    13 ||    32
       Olgreb's Toxic Ra |       |     4 |    11 ||    15
       Ignite Poison     |       |     3 |     6 ||     9
Invok: Animate Remains   |       |       |     1 ||     1
  Use: Potion            |       |       |     2 ||     2
       Scroll            |       |       |     9 ||     9
 Stab: Sleeping          |     5 |     4 |    11 ||    20
       Distracted        |       |       |     1 ||     1
Armor: Robe              |     5 |    21 |    17 ||    43
       Leather armour    |       |       |    44 ||    44
       Ring mail         |       |       |     5 ||     5
Dodge: Dodged            |    38 |    53 |   170 ||   261
Block: Buckler           |       |       |    41 ||    41

Table legend: (Time is in decaauts)
 A = Elapsed time spent in this place.
 B = Non-inter-level travel time spent in this place.
 C = Inter-level travel time spent in this place.
 D = Time resting spent in this place.
 E = Time spent auto-exploring this place.
 F = Levels seen in this place.
 G = Mean time per level.
                   A        B        C        D        E       F      G
               +--------+--------+--------+--------+--------+-----+--------+
         Total |   8413 |   8039 |    374 |   1196 |   5447 |   9 |  934.8 |
       Dungeon |   8413 |   8039 |    374 |   1196 |   5447 |   9 |  934.8 |
               +--------+--------+--------+--------+--------+-----+--------+

Top non-repeatable levels by time:
     D:5: 1532 daAuts
     D:2: 1422 daAuts
     D:3: 1139 daAuts
     D:1: 1139 daAuts
     D:4: 955 daAuts
     D:7: 912 daAuts
     D:6: 863 daAuts
     D:8: 399 daAuts
     D:9: 49 daAuts
